 Dungeon Crawl Stone Soup version 0.28.0 (webtiles) character file.

Game seed: 4256961763746537595

78 GrayStillPlays the Shield-Bearer (level 4, -8/24 HPs)
             Began as a Vine Stalker Fighter on Feb 6, 2022.
             Was an Initiate of the Shining One.
             Splashed by a jelly's acid (11 damage)
             ... on level 3 of the Dungeon.
             The game lasted 00:07:35 (2294 turns).

GrayStillPlays the Shield-Bearer (VSFi)             Turns: 2294, Time: 00:07:36

Health: -8/24      AC: -2    Str: 21    XL:     4   Next: 36%
Magic:  0/5        EV:  7    Int:  8    God:    the Shining One [......]
Gold:   87         SH:  4    Dex: 13    Spells: 3/3 levels left

rFire   . . .      SeeInvis .   t - +1 mace (protect) {mace}
rCold   . . .      Faith    .   b - +0 buckler
rNeg    . . .      Spirit   +   i - +0 chain mail
rPois   .          Reflect  .   s - +0 helmet
rElec   .          Harm     .   (no cloak)
rCorr   .          Rampage  .   (no gloves)
Will    .....                   (no boots)
Stlth   ..........              (no amulet)
HPRegen 0.88/turn               (no ring)
MPRegen 0.09/turn               (no ring)

@: corroded, under a protective aura, glowing
A: fangs 2, regeneration 1, magic shield, antimagic bite, no potion heal 2
a: Renounce Religion


You were on level 3 of the Dungeon.
You worshipped the Shining One.
The Shining One was noncommittal.
You visited 1 branch of the dungeon, and saw 4 of its levels.

You collected 87 gold pieces.


Innate Abilities, Weirdness & Mutations

You have extremely sharp teeth.
Your natural rate of healing is unusually fast.
When hurt, damage is shared between your health and your magic reserves.
Your bite disrupts and absorbs the magic of your enemies.
Potions cannot restore your health.


   Skills:
 + Level 3.2 Fighting
 + Level 1.0 Maces & Flails
 + Level 2.9 Armour
 + Level 3.2 Shields
 - Level 2.2 Unarmed Combat


You had 3 spell levels left.
You didn't know any spells.
Your spell library contained the following spells:

 Spells                   Type           Power      Damage    Failure   Level
 Corpse Rot               Necr/Air       0%         N/A       100%        2
 Ensorcelled Hibernation  Hex/Ice        0%         N/A       100%        2
 Poisonous Vapours        Pois/Air       0%         N/A       100%        2
 Spider Form              Tmut/Pois      0%         N/A       100%        3
 Anguish                  Hex/Necr       0%         N/A       100%        4
 Dispersal                Tloc           0%         N/A       100%        6
 Disjunction              Tloc           0%         N/A       100%        8

Inventory:

Hand Weapons
 a - a +0 mace {mace}
   (You found it on level 1 of the Dungeon)
 d - a +0 club {mace}
   (You found it on level 1 of the Dungeon)
 e - a +0 club {mace}
   (You found it on level 1 of the Dungeon)
 f - a +0 club {mace}
   (You found it on level 1 of the Dungeon)
 h - a +0 dagger {short}
   (You took it off a goblin on level 1 of the Dungeon)
 p - a +0 dagger {short}
   (You took it off a kobold on level 1 of the Dungeon)
 t - a +1 mace of protection (weapon) {mace}
   (You found it on level 2 of the Dungeon)
Missiles
 o - 79 stones (quivered) {throwing}
 v - 17 arrows
Armour
 b - a +0 buckler (worn)
 i - a +0 chain mail (worn)
   (You found it on level 1 of the Dungeon)
 s - a +0 helmet (worn)
   (You found it on level 2 of the Dungeon)
Magical Staves
 j - a staff of earth {!astaff}
   (You found it on level 1 of the Dungeon)
 l - a staff of fire {!astaff}
   (You found it on level 1 of the Dungeon)
Jewellery
 u - a ring of poison resistance
   (You found it on level 3 of the Dungeon)
Scrolls
 n - a scroll of noise {unknown}
 r - a scroll of teleportation {unknown}
Potions
 c - 2 potions of might
 g - 3 potions of degeneration {unknown}
 k - a potion of brilliance {unknown}
 m - a potion of magic {unknown}
 q - a potion of heal wounds {unknown}

Dungeon Overview and Level Annotations

Branches:
Dungeon (4/15)
 Temple: D:4-7

Altars:
Kikubaaqudgha
The Shining One

Shops:
D:3 ?

Annotations:
D:2 Sigmund

####################
................@J.#
##################.#
................##.#
###############.##.#
#.##.# #.##.# #>##.#
#.##.#### #.#.....#


You could see a jelly.


Message History

😕 HP[+1]
There is a stone staircase leading up here. 😕 HP[+1] 😕 HP[+1]
The jelly barely misses you.
You climb upwards.
There is a stone staircase leading down here. 😎 HP[+2]
Your hp is fully restored (24).
You hit the jelly but do no damage.
Your weapon exudes an aura of protection.
Your hands burn!
You bite the jelly, but do no damage. The jelly closely misses you.
The jelly hits you but does no damage.
You hit the jelly.
Your hands burn!
You bite the jelly. You drain its power.
You feel invigorated.
The jelly hits you but does no damage. 😕 HP[-3] MP[+2]
You take 3 damage, and now have 21/24 hp.
Your mp is fully restored (5).
You hit the jelly.
Your hands burn!
You bite the jelly, but do no damage. The jelly hits you but does no damage.
The jelly completely misses you. 😕 HP[+1] MP[-1]
You lost 1 mp, and now have 4/5 mp.
You barely miss the jelly. The jelly barely misses you. 😎 HP[+2]
Your hp is fully restored (24).
You barely miss the jelly. Your bite misses the jelly.
The jelly closely misses you. 😎 MP[+1]
Your mp is fully restored (5).
You barely miss the jelly. The jelly hits you. The acid corrodes you!
You are splashed with acid!
* * * LOW HITPOINT WARNING * * *
You block the jelly's attack. 😨 HP[-12] MP[-3]
You take 12 damage, and now have 12/24 hp.
MASSIVE DAMAGE!! (PAUSE)
You lost 3 mp, and now have 2/5 mp.
You hit the jelly.
Your weapon exudes an aura of protection.
The acid corrodes you!
Your hands burn!
* * * LOW HITPOINT WARNING * * *
You bite the jelly, but do no damage.
The jelly barely misses you. 😨 HP[-1] MP[-1]
You take 1 damage, and now have 11/24 hp.
You lost 1 mp, and now have 1/5 mp.
You hit the jelly but do no damage.
Your hands burn!
* * * LOW HITPOINT WARNING * * *
You bite the jelly, but do no damage. The jelly barely misses you.
The jelly hits you.
* * * LOW HITPOINT WARNING * * *
You are splashed with acid!
* * * LOW HITPOINT WARNING * * *
😱 HP[-9] MP[-1]
You take 9 damage, and now have 2/24 hp.
MASSIVE DAMAGE!! (PAUSE)
You lost 1 mp, and now have 0/5 mp. 😱 HP[+1] 😱 HP[+1] 😱 HP[+1] 😱 HP[+1] 😨 HP[+1] 😨 HP[+1]
There is a stone staircase leading up here. 😨 HP[+1] 😨 HP[+1] 😨 MP[+1] 😨 HP[+1] 😨 HP[+1] 😮 HP[+1] 😮 HP[+1] 😮 HP[+1] 😮 HP[+1] 😮 HP[+1] 😮 HP[+1] 😕 HP[+1] 😕 HP[+1] MP[+1] 😕 HP[+1] 😕 HP[+1]
You hit the jelly but do no damage.
Your weapon exudes an aura of protection.
Your hands burn!
You bite the jelly. You drain its power.
You feel invigorated. The jelly hits you.
You are splashed with acid. 😮 HP[-8] MP[+1]
You take 8 damage, and now have 14/24 hp.
MASSIVE DAMAGE!! (PAUSE)
You block the jelly's attack. 😮 HP[+1] 😮 HP[+1]
You hit the jelly but do no damage.
Your weapon exudes an aura of protection.
Your hands burn!
* * * LOW HITPOINT WARNING * * *
You bite the jelly, but do no damage. The jelly hits you.
* * * LOW HITPOINT WARNING * * *
You are splashed with acid!
* * * LOW HITPOINT WARNING * * *
The jelly hits you.
* * * LOW HITPOINT WARNING * * *
The acid corrodes you!
You are splashed with acid!
You die...

Skill      XL: |  1  2  3 |
---------------+----------+-----
Shields        | 3 |  3.2
Fighting       | 3 |  3.2
Maces & Flails | 1 |  1.0
Armour         | |  2.9
Unarmed Combat | |  2.2

Action                   |  1- 3 |  4- 6 || total
-------------------------+-------+-------++-------
Melee: Unarmed           |    44 |       ||    44
       Bite              |    21 |     9 ||    30
       Mace              |    54 |    15 ||    69
Armor: Scale mail        |    13 |       ||    13
       Chain mail        |    55 |     4 ||    59
Dodge: Dodged            |    48 |     7 ||    55
Block: Buckler           |    19 |     3 ||    22

Levels and vault maps discovered:
D:1:      giann_wishing_wells, layout_loops_ring,
          hellmonk_ecumenical_altar_crossroads, serial_bayou_lake_a
D:2:      layout_loops_ring, basic_altar, minivault_23,
          minmay_misc_feat_enclosed, solitary_fountain, hex_large,
          kennysheep_cross_room, uniq_crazy_yiuf_cottage, uniq_sigmund
D:3:      layout_basic, mainiacjoe_overflow_small_starburst,
          lemuel_zombie_altar_kikubaaqudgha, amcnicky_altar_gilded,
          serial_shops, shop
D:4:      layout_loops_corners, serial_shops, shop

Notes
Turn   | Place    | Note
-------+----------+-------------------------------------------
     0 | D:1      | GrayStillPlays the Vine Stalker Fighter began the quest for
                  | the Orb.
     0 | D:1      | Reached XP level 1. HP: 11/11 MP: 2/2
     0 | D:1      | magus.rc [v1.9.6]
   214 | D:1      | You pick up a book of Dreams and begin reading...
   214 | D:1      | You add the spells Ensorcelled Hibernation, Spider Form and
                  | Anguish to your library.
   221 | D:1      | You pick up a book of Vapours and begin reading...
   221 | D:1      | You add the spells Poisonous Vapours and Corpse Rot to your
                  | library.
   335 | D:1      | Reached XP level 2. HP: 16/16 MP: 3/3
   548 | D:1      | Found a faded altar of an unknown god.
   990 | D:2      | Noticed Sigmund
  1011 | D:2      | HP: 4/16 [Sigmund (7)]
  1259 | D:2      | Reached skill level 3 in Shields
  1289 | D:2      | Found an ancient bone altar of Kikubaaqudgha.
  1297 | D:2      | Reached skill level 3 in Fighting
  1381 | D:2      | Reached XP level 3. HP: 19/20 MP: 4/4
  1495 | D:3      | Found a glowing golden altar of the Shining One.
  1500 | D:3      | You pick up a book of the Warp and begin reading...
  1500 | D:3      | You add the spells Dispersal and Disjunction to your
                  | library.
  1595 | D:3      | Found Efischas's Magic Scroll Shoppe.
  2074 | D:3      | Became a worshipper of the Shining One
  2119 | D:4      | Reached skill level 1 in Maces & Flails
  2119 | D:4      | Gained mutation: Your natural rate of healing is unusually
                  | fast. [Vine Stalker growth]
  2119 | D:4      | Reached XP level 4. HP: 17/24 MP: 2/5
  2268 | D:3      | HP: 2/24 [acid (6)]
  2294 | D:3      | HP: 5/24 [acid (6)]
  2294 | D:3      | Splashed by a jelly's acid

Vanquished Creatures
  An iguana (D:4)
  2 adders (D:3)
  A dart slug (D:2)
  7 bats
  3 endoplasms
  3 giant cockroaches
  3 goblins
  A hobgoblin (D:1)
  2 quokkas
  A ball python (D:2)
  3 frilled lizards
  2 kobolds
  2 rats (D:1)
31 creatures vanquished.

Table legend:
 A = Non-vault XP
 B = Vault XP
 C = Vault XP percentage of total XP
 D = Non-vault monster count
 E = Vault monster count
 F = Vault count percentage of total count
                 A         B        C        D         E       F
            +---------+---------+-------+---------+---------+-------
      Total |     112 |       0 |   0.0 |      31 |       0 |   0.0
            +---------+---------+-------+---------+---------+-------
        D:1 |      25 |       0 |   0.0 |      15 |       0 |   0.0
        D:2 |      15 |       0 |   0.0 |       9 |       0 |   0.0
        D:3 |      31 |       0 |   0.0 |       4 |       0 |   0.0
        D:4 |      41 |       0 |   0.0 |       3 |       0 |   0.0
            +---------+---------+-------+---------+---------+-------

Illustrated notes

Table legend:
 A = Kills in this place as a percentage of kills in entire the game.
 B = Kills by you in this place as a percentage of kills by you in the entire game.
 C = Kills by friends in this place as a percentage of kills by friends in the entire game.
 D = Other kills in this place as a percentage of other kills in the entire game.
 E = Experience gained in this place as a percentage of experience gained in the entire game.
 F = Experience gained in this place divided by the number of levels of this place that you have seen.
                   A       B       C       D       E      F
               +-------+-------+-------+-------+-------+----------------------
         Total | 100.0 | 100.0 |   N/A |   N/A | 100.0 |  28.0
       Dungeon | 100.0 | 100.0 |   N/A |   N/A | 100.0 |  28.0
               +-------+-------+-------+-------+-------+----------------------

Table legend: (Time is in decaauts)
 A = Elapsed time spent in this place.
 B = Non-inter-level travel time spent in this place.
 C = Inter-level travel time spent in this place.
 D = Time resting spent in this place.
 E = Time spent auto-exploring this place.
 F = Levels seen in this place.
 G = Mean time per level.
                   A        B        C        D        E       F      G
               +--------+--------+--------+--------+--------+-----+--------+
         Total |   2357 |   2216 |    141 |    263 |   1310 |   4 |  589.2 |
       Dungeon |   2357 |   2216 |    141 |    263 |   1310 |   4 |  589.2 |
               +--------+--------+--------+--------+--------+-----+--------+

Top non-repeatable levels by time:
     D:1: 1217 daAuts
     D:3: 650 daAuts
     D:2: 324 daAuts
     D:4: 164 daAuts
